 Dungeon Crawl Stone Soup version 0.30-a0-737-gf23d94013f (webtiles) character file.

Game seed: 10994376130873609439

1303 kae the Changer (level 8, -1/70 HPs)
             Began as a Red Draconian Transmuter on Feb 1, 2023.
             Was an Initiate of Ru.
             Engulfed by a steam dragon's steam (6 damage)
             ... on level 6 of the Dungeon.
             The game lasted 00:06:36 (5777 turns).

kae the Changer (Red Draconian Transmuter)          Turns: 5777, Time: 00:06:36

Health: -1/70      AC:  8    Str: 13    XL:     8   Next: 31%
Magic:  12/14      EV: 10    Int: 21    God:    Ru [......]
Gold:   1382       SH:  0    Dex: 12    Spells: 5/15 levels left

rFire   x . .      SeeInvis .      - Unarmed
rCold   + + +      Faith    .    (shield currently unavailable)
rNeg    . . .      Spirit   .    (body armour unavailable)
rPois   +          Reflect  .    (helmet currently unavailable)
rElec   .          Harm     .    (cloak currently unavailable)
rCorr   .          Rampage  .    (gloves currently unavailable)
Will    .....                    (boots currently unavailable)
Stlth   +                        g - amulet of regeneration
HPRegen 1.11/turn                P - ring of poison resistance
MPRegen 0.14/turn                I - +6 ring of intelligence

@: ice-form
A: freezing attack, amphibious, boosted hp, (breathe fire), AC +6, large,
unfitting armour, (fire resistance 1), (cold-blooded)
a: End Transformation, Renounce Religion


You were on level 6 of the Dungeon.
You worshipped Ru.
Ru was noncommittal.
You were a creature of crystalline ice.
You visited 2 branches of the dungeon, and saw 7 of its levels.
You also visited: Ossuary.

You collected 1382 gold pieces.


Innate Abilities, Weirdness & Mutations

You are a creature of crystalline ice.
You have a powerful freezing melee attack.
You are amphibious.
Your maximum health is increased.
Your armour is entirely melded.
You are incapable of wielding weapons or throwing items.
((You can breathe blasts of fire.))
((Your fiery red scales are hard. (AC +6)))
You cannot fit into any form of body armour.
((Your flesh is heat resistant. (rF+)))
((You are cold-blooded and may be slowed by cold attacks.))


   Skills:
 - Level 1.1 Fighting
 - Level 1.7 Dodging
 + Level 5.2 Unarmed Combat
 + Level 4.2 Spellcasting
 * Level 6.4 Transmutations
 * Level 3.7 Ice Magic
 - Level 2.0 Poison Magic


You had 5 spell levels left.
You knew the following spells:

 Your Spells              Type           Power      Damage    Failure   Level
a - Beastly Appendage     Tmut           62%        N/A       1%          1
b - Wereblood             Tmut           31%        N/A       1%          2
c - Spider Form           Tmut/Pois      22%        N/A       6%          3
d - Ice Form              Ice/Tmut       25%        N/A       14%         4

Your spell library contained the following spells:

 Spells                   Type           Power      Damage    Failure   Level
 Summon Small Mammal      Summ           16%        N/A       12%         1
 Blade Hands              Tmut           15%        N/A       22%         5
 Call Canine Familiar     Summ           4%         N/A       34%         3
 Portal Projectile        Hex/Tloc       8%         N/A       34%         3
 Summon Guardian Golem    Hex/Summ       4%         N/A       34%         3
 Tukima's Dance           Hex            4%         N/A       34%         3
 Yara's Violent Unravell  Hex/Tmut       9%         3d6       65%         5
 Leda's Liquefaction      Hex/Erth       2%         N/A       75%         4
 Passage of Golubria      Tloc           4%         N/A       75%         4

Inventory:

Missiles
 f - 73 stones
 h - 4 boomerangs
 i - 3 boomerangs of dispersal {=f!f}
 m - 5 poisoned darts
 r - 8 atropa-tipped darts
Armour
 e - a +1 helmet
   (You found it on level 1 of the Dungeon)
Jewellery
 g - an amulet of regeneration (around neck)
   (You found it on level 1 of the Dungeon)
 I - a +6 ring of intelligence (right front paw)
   (You found it on level 3 of the Dungeon)
 P - a ring of poison resistance (left front paw)
   (You found it on level 1 of the Dungeon)
Wands
 n - a wand of iceblast (11)
   (You found it on level 5 of the Dungeon)
Scrolls
 d - 2 scrolls of enchant weapon
 j - a scroll of fog
 u - a scroll of vulnerability {!r!r}
Potions
 a - 5 potions of lignification {!q}
 b - 7 potions of curing {@q1}
 c - 3 potions of brilliance
 l - a potion of resistance {unknown}
 o - 3 potions of degeneration {!q}
 p - a potion of ambrosia {unknown}
 q - 2 potions of flight {unknown}
 s - 2 potions of heal wounds {unknown}
 t - a potion of mutation {unknown}

Dungeon Overview and Level Annotations

Branches:
Dungeon (6/15) Zot: 26700  Temple (1/1) D:5 Zot: 5775 Ossuary (visited)

Altars:
Ashenzari
Cheibriados
Dithmenos
Elyvilon
Fedhas
Gozag
Hepliaklqana
Makhleb
Nemelex Xobeh
Okawaru
Qazlal
Ru
Sif Muna
Trog
Uskayaw
Vehumet
Wu Jian
Xom
Yredelemnul
Zin
The Shining One

..............## #..
###...........## #...
###............. ...#
##...............
..F.###..#............. #
#....................
#.###..§................#
....§.§§................#
...#.§§§YD...............
###..§§.§........≈≈≈..._.
......§§..........§§≈≈... #.
##.##.........§.....≈≈§§ ..# ..
##........#.≈.§..≈≈≈ ..........
####...##..≈≈§§...
.........#######.....##...§§≈≈.§
.................#..#...##...§≈≈
...#..............[#.##......§.


You could see a steam dragon (catching breath) and a bullfrog.


Message History

You take 3 damage, and now have 63/66 hp.
A hound is nearby!
You punch the hound! You freeze the hound.
The hound bites you but does no damage.
You punch the hound! You freeze the hound.
You kill the hound! 😕 HP[+2]
You now have 67 max hp (+1).
You regained 2 hp, and now have 65/67 hp.
r - 8 atropa-tipped darts (gained 6) 😎 HP[+2] MP[+2]
Your hp is fully restored (67).
Your mp is fully restored (14).
No target in view!
No target in view!
Your transformation is almost over.
f - 73 stones (gained 6)
Found a shimmering blue altar of Sif Muna.
You warm up again.
You now have 1382 gold pieces (gained 17).
A phantom comes into view. 😎 HP[-11]
You now have 56 max hp (-11).
A phantom is nearby!
A phantom is nearby!
A phantom is nearby!
A phantom is nearby!
Casting: Ice Form (quite dangerous; 16% risk of failure)
Confirm with . or Enter, or press ? or * to list all spells.
The spell is quite dangerous to miscast (16% risk of failure)!
Continue anyway? [Y]es or [N]o only, please.
The spell is quite dangerous to miscast (16% risk of failure)!
Continue anyway?
You turn into a creature of crystalline ice. 😎 HP[+11] MP[-4]
You now have 67 max hp (+11).
Your hp is fully restored (67).
You lost 4 mp, and now have 10/14 mp.
The steam dragon hisses angrily.
You punch the phantom! The phantom misses you.
You punch the phantom!
The phantom hits you but does no damage.
You hit the phantom. The phantom barely misses you.
You barely miss the phantom.
The phantom hits you but does no damage.
You hit the phantom but do no damage.
The phantom hits you but does no damage.
You closely miss the phantom. 😎 MP[+1]
You barely miss the phantom. The phantom hits you.
The phantom blinks!
You blink.
You hit the phantom. The phantom hits you.
The phantom blinks!
You blink. 😕 HP[-4]
You take 4 damage, and now have 63/67 hp.
You hit the phantom.
You destroy the phantom!
The steam dragon breathes steam at you. The ball of steam hits you!
The steam scalds you terribly!
Your life force feels restored.
No target in view! 😕 HP[-9]
You now have 70 max hp (+3).
You take 9 damage, and now have 54/70 hp.
No target in view!
No target in view!
No target in view!
No target in view!
Unknown command. 😕 HP[+1] 😕 HP[+1]
The steam dragon bites you. The steam dragon claws you. 😮 HP[-7]
You take 7 damage, and now have 49/70 hp.
Unknown command.
You punch the steam dragon! You freeze the steam dragon.
A bullfrog comes into view.
The steam dragon breathes steam at you. The ball of steam hits you!!
The steam scalds you terribly!
* * * LOW HITPOINT WARNING * * *
The bullfrog croaks. 😨 HP[-17] MP[+1]
You take 17 damage, and now have 32/70 hp.
MASSIVE DAMAGE!! (PAUSE)
You barely miss the steam dragon.
You are engulfed in a cloud of scalding steam.
* * * LOW HITPOINT WARNING * * *
The steam dragon breathes steam at you. The ball of steam misses you. 😨 HP[-5]
You take 5 damage, and now have 27/70 hp.
You punch the steam dragon! You freeze the steam dragon.
You are engulfed in a cloud of scalding steam.
* * * LOW HITPOINT WARNING * * *
The steam dragon breathes steam at you. The ball of steam hits you!!
The steam scalds you terribly!
* * * LOW HITPOINT WARNING * * *
😱 HP[-22]
You take 22 damage, and now have 5/70 hp.
MASSIVE DAMAGE!! (PAUSE)
You hit the steam dragon but do no damage.
You are engulfed in a cloud of scalding steam.
You die...

Skill      XL: |  1  2  3  4  5  6  7  8 |
---------------+-------------------------+-----
Transmutations | 3 4 5 6 |  6.4
Poison Magic   | 1 2 |  2.0
Spellcasting   | 3 4 |  4.2
Unarmed Combat | 4 5 |  5.2
Ice Magic      | 1 1 3 |  3.7
Fighting       | |  1.1
Dodging        | |  1.7

Action                     |  1- 3 |  4- 6 |  7- 9 || total
---------------------------+-------+-------+-------++-------
  Melee: Unarmed           |   111 |   200 |   139 ||   450
         Kick              |    11 |    14 |       ||    25
         Tailslap          |     6 |    17 |       ||    23
         Headbutt          |    11 |    14 |       ||    25
         Punch             |       |     3 |       ||     3
   Cast: Beastly Appendage |    22 |    13 |       ||    35
         Spider Form       |     2 |    14 |     7 ||    23
         Wereblood         |     2 |     3 |     4 ||     9
         Ice Form          |       |       |     7 ||     7
    Use: Scroll            |     2 |     6 |     8 ||    16
 Armour: Skin              |    36 |    37 |    51 ||   124
  Dodge: Dodged            |    99 |   148 |    89 ||   336

Levels and vault maps discovered:
D:1:      shiori_shiawase, layout_basic, minmay_hedge_maze
D:2:      layout_rooms, shapermc_ecumenical_altar_gd,
          hangedman_abyss_or_decor_lesser_grid, wad_floor_pattern_1,
          grunt_decor_resistance, dreamdust_princess_bridge, uniq_robin
D:3:      layout_loops_corners
D:4:      layout_loops_cross, chequers_big_river
D:5:      layout_loops_cross, minmay_temple_entry_poolview
D:6:      layout_rooms, mainiacjoe_overflow_catch_the_wave,
          nicolae_ossuary_entry_giza
Temple:   nicolae_temple_bog_church

Notes
Turn   | Place    | Note
-------+----------+-------------------------------------------
     0 | D:1      | kae the Draconian Transmuter began the quest for the Orb.
     0 | D:1      | Reached XP level 1. HP: 16/16 MP: 3/3
     0 | D:1      | magus.rc [v1.11.3]
   254 | D:1      | Reached XP level 2. HP: 15/23 MP: 1/5
   562 | D:1      | Reached XP level 3. HP: 20/28 MP: 6/6
   565 | D:1      | Learned a level 2 spell: Wereblood
   569 | D:1      | Learned a level 3 spell: Spider Form
  1009 | D:1      | You fall into a shaft and drop 1 floor!
  1202 | D:2      | You pick up a book of Changes and begin reading...
  1218 | D:2      | Reached skill level 3 in Transmutations
  1286 | D:2      | Noticed Robin
  1348 | D:2      | Killed Robin
  1349 | D:2      | Reached skill level 1 in Poison Magic
  1353 | D:2      | Reached XP level 4. HP: 23/35 MP: 1/7
  1715 | D:2      | Found a faded altar of an unknown god.
  2231 | D:3      | Reached skill level 2 in Poison Magic
  2231 | D:3      | Reached XP level 5. HP: 40/40 MP: 4/9
  2925 | D:3      | Reached skill level 4 in Transmutations
  3228 | D:4      | Reached skill level 3 in Spellcasting
  3301 | D:4      | Learned a level 4 spell: Ice Form
  3345 | D:4      | Reached skill level 4 in Unarmed Combat
  3350 | D:4      | Noticed a black bear
  3362 | D:4      | Killed a black bear
  3363 | D:4      | Reached skill level 1 in Ice Magic
  3363 | D:4      | Reached XP level 6. HP: 42/47 MP: 5/10
  3428 | D:4      | Identified the +2 dagger "Qithra" {freeze, rN+ Will+}
  3641 | D:4      | You add the spells Tukima's Dance, Passage of Golubria and
                  | Yara's Violent Unravelling to your library.
  3658 | D:4      | Reached skill level 2 in Ice Magic
  3743 | D:5      | Entered Level 5 of the Dungeon
  3774 | D:4      | Reached skill level 5 in Transmutations
  3785 | D:4      | Your scales start taking on a fiery red colour.
  3785 | D:4      | Reduced skill Ice Magic to level 1
  3785 | D:4      | Reached XP level 7. HP: 52/52 MP: 10/12
  3785 | D:4      | Gained mutation: Your flesh is heat resistant. (rF+) [Red
                  | Draconian growth]
  3919 | D:4      | You pick up a book of Callings and begin reading...
  3919 | D:4      | You add the spells Summon Small Mammal, Call Canine
                  | Familiar and Summon Guardian Golem to your library.
  4124 | D:4      | Reached skill level 2 in Ice Magic
  4669 | D:5      | You pick up a book of the Hunter and begin reading...
  4669 | D:5      | You add the spells Portal Projectile and Leda's
                  | Liquefaction to your library.
  4809 | D:5      | Found a staircase to the Ecumenical Temple.
  4819 | Temple   | Entered the Ecumenical Temple
  5015 | Temple   | Became a worshipper of Ru the Awakened
  5254 | D:6      | Found a sand-covered staircase.
  5263 | Ossuary  | Entered an ossuary
  5293 | Ossuary  | Reached skill level 3 in Ice Magic
  5349 | Ossuary  | Reached skill level 4 in Spellcasting
  5490 | D:6      | Identified 2 scrolls of acquirement
  5490 | D:6      | Acquired a book of Weapons
  5491 | D:6      | You pick up a book of Weapons and begin reading...
  5521 | D:6      | Reached skill level 6 in Transmutations
  5521 | D:6      | Reached XP level 8. HP: 36/57 MP: 8/14
  5525 | D:6      | Reached skill level 5 in Unarmed Combat
  5694 | D:6      | Acquired 779 gold pieces
  5742 | D:6      | Found a shimmering blue altar of Sif Muna.
  5776 | D:6      | HP: 5/70 [steam dragon/ball of steam (18)]
  5777 | D:6      | Engulfed by a steam dragon's steam

Vanquished Creatures
  An ogre (D:5)
  2 black bears (D:4)
  A phantom (D:6)
  A bullfrog (D:5)
  A scorpion (D:4)
  A necrophage (D:4)
  4 wights
  2 hounds
  A jelly (D:4)
  An orc priest (D:3)
  An iguana (D:4)
  2 orc wizards (D:5)
  9 mummies
  Robin (D:2)
  3 gnolls (D:4)
  9 adders
  An ufetubus (D:4)
  4 worms
  4 dart slugs
  16 orcs
  8 ball pythons
  An endoplasm (D:1)
  5 giant cockroaches
  13 goblins
  13 hobgoblins
  7 jackals (D:3)
  8 kobolds
  4 quokkas
  8 bats
  3 frilled lizards
  2 gnoll zombies (Ossuary)
  A hobgoblin zombie (Ossuary)
  2 kobold zombies (Ossuary)
  3 orc zombies (Ossuary)
  5 rats
148 creatures vanquished.

Vanquished Creatures (others)
  12 plants (D:4)
12 creatures vanquished.

Grand Total: 160 creatures vanquished

Table legend:
 A = Non-vault XP
 B = Vault XP
 C = Vault XP percentage of total XP
 D = Non-vault monster count
 E = Vault monster count
 F = Vault count percentage of total count
                 A         B        C        D         E       F
            +---------+---------+-------+---------+---------+-------
      Total |    1651 |     211 |  11.3 |     118 |      30 |  20.3
            +---------+---------+-------+---------+---------+-------
        D:1 |      53 |       0 |   0.0 |      32 |       0 |   0.0
        D:2 |      26 |      39 |  60.0 |       6 |      13 |  68.4
        D:3 |     156 |       0 |   0.0 |      39 |       0 |   0.0
        D:4 |     601 |       0 |   0.0 |      23 |       0 |   0.0
        D:5 |     423 |       0 |   0.0 |      11 |       0 |   0.0
        D:6 |     392 |      18 |   4.4 |       7 |       1 |  12.5
    Ossuary |       0 |     154 | 100.0 |       0 |      16 | 100.0
            +---------+---------+-------+---------+---------+-------

Illustrated notes

Table legend:
 A = Kills in this place as a percentage of kills in entire the game.
 B = Kills by you in this place as a percentage of kills by you in the entire game.
 C = Kills by friends in this place as a percentage of kills by friends in the entire game.
 D = Other kills in this place as a percentage of other kills in the entire game.
 E = Experience gained in this place as a percentage of experience gained in the entire game.
 F = Experience gained in this place divided by the number of levels of this place that you have seen.
                   A       B       C       D       E      F
               +-------+-------+-------+-------+-------+----------------------
         Total | 100.0 | 100.0 |   N/A |   N/A | 100.0 | 232.8
       Dungeon |  89.2 |  89.2 |   N/A |   N/A |  91.7 | 284.7
       Ossuary |  10.8 |  10.8 |   N/A |   N/A |   8.3 | 154.0
               +-------+-------+-------+-------+-------+----------------------

Table legend: (Time is in decaauts)
 A = Elapsed time spent in this place.
 B = Non-inter-level travel time spent in this place.
 C = Inter-level travel time spent in this place.
 D = Time resting spent in this place.
 E = Time spent auto-exploring this place.
 F = Levels seen in this place.
 G = Mean time per level.
                   A        B        C        D        E       F      G
               +--------+--------+--------+--------+--------+-----+--------+
         Total |   5768 |   5519 |    249 |     78 |   4299 |   8 |  721.0 |
       Dungeon |   5319 |   5113 |    206 |     78 |   3994 |   6 |  886.5 |
        Temple |    225 |    183 |     42 |      0 |    166 |   1 |  225.0 |
       Ossuary |    223 |    223 |      0 |      0 |    139 |   1 |  223.0 |
               +--------+--------+--------+--------+--------+-----+--------+

Top non-repeatable levels by time:
     D:3: 1146 daAuts
     D:4: 1104 daAuts
     D:1: 1099 daAuts
     D:2: 950 daAuts
     D:5: 780 daAuts
     D:6: 239 daAuts
  Temple: 225 daAuts
 Ossuary: 223 daAuts
